 Dungeon Crawl Stone Soup version 0.29.0-7-g18a832c13a (webtiles) character file.

Game seed: 12252125750809498726

8526 sanka the Grappler (level 11, -1/115 HPs)
             Began as a Troll Cinder Acolyte on Aug 31, 2022.
             Was an Initiate of Okawaru.
             Slain by a fire elemental (8 damage)
             ... created by the fiery vengeance of Ignis
             ... in a bailey.
             The game lasted 00:14:00 (8402 turns).

sanka the Grappler (Troll Cinder Acolyte)           Turns: 8402, Time: 00:14:00

Health: -1/115     AC: 13    Str: 24    XL:     11   Next: 11%
Magic:  11/11      EV:  9    Int: 10    God:    Okawaru [......]
Gold:   525        SH:  0    Dex:  9    Spells: 12/12 levels left

rFire   . . .      SeeInvis +     - Unarmed
rCold   . . .      Faith    .   (no shield)
rNeg    . . .      Spirit   .   C - +0 steam dragon scales
rPois   .          Reflect  .   E - +2 hat
rElec   .          Harm     .   (no cloak)
rCorr   .          Rampage  .   (gloves unavailable)
Will    .....                   (boots unavailable)
Stlth   +.........              (no amulet)
HPRegen 1.09/turn               r - +4 ring of protection
MPRegen 0.12/turn               j - ring of see invisible

@: about to teleport, hasted, fire susceptible, very quick
A: large, unfitting armour, claws 3, regeneration 1, shaggy fur 1, tough skin 1
a: Renounce Religion


You were in a bailey.
You worshipped Okawaru.
Okawaru was noncommittal.
You visited 1 branch of the dungeon, and saw 10 of its levels.
You also visited: Bailey.

You collected 672 gold pieces.
You spent 147 gold pieces at shops.


Innate Abilities, Weirdness & Mutations

You are too large for most types of armour.
You have claws for hands.
Your natural rate of healing is unusually fast.
You are covered in fur. (AC +1)
You have tough skin. (AC +1)


   Skills:
 + Level 9.0 Fighting
 + Level 14.0 Unarmed Combat
 - Level 1.0 Spellcasting
 - Level 2.1 Fire Magic
 + Level 2.0 Invocations


You had 12 spell levels left.
You didn't know any spells.
Your spell library contained the following spells:

 Spells                   Type           Power      Damage    Failure   Level
 Scorch                   Fire           8%         2d5       22%         2

Inventory:

Hand Weapons
 x - the +12 mace "Peuty" {elec, rC+ Dex+4}

   It occasionally discharges a powerful burst of electricity upon striking a
   foe.
   Dex:       It affects your dexterity (+4).
   rC:        It protects you from cold.
 z - the +8 hand axe "Rouvyone" {venom, rElec rN+ Will+}

   It poisons the flesh of those it strikes.
   rElec:     It insulates you from electricity.
   rN:        It protects you from negative energy.
   Will:      It increases your willpower.
Armour
 A - a +2 robe of willpower
 C - +0 steam dragon scales (worn)
 E - a +2 hat (worn)
Magical Staves
 u - a staff of fire
Jewellery
 j - a ring of see invisible (right claw)
 r - a +4 ring of protection (left claw)
 t - a ring of magical power
Wands
 F - a wand of polymorph (5)
Scrolls
 c - a scroll of poison {unknown}
 d - a scroll of identify {unknown}
 f - a scroll of brand weapon
 g - 2 scrolls of teleportation {@r4}
 h - 3 scrolls of enchant armour
 m - a scroll of summoning {unknown}
 p - a scroll of enchant weapon {unknown}
 q - a scroll of immolation {!r}
 v - 3 scrolls of noise {!r}
 y - a scroll of torment {unknown}
 B - 2 scrolls of fear
 G - a scroll of blinking
 J - a scroll of fog
Potions
 a - 2 potions of haste {@q3}
 b - a potion of ambrosia {unknown}
 e - 4 potions of curing {@q1}
 i - 2 potions of brilliance {unknown}
 k - 3 potions of berserk rage {unknown}
 n - 2 potions of mutation {unknown}
 o - a potion of attraction {unknown}
 s - a potion of lignification {unknown}
 w - 4 potions of might {unknown}
 D - a potion of degeneration {unknown}
 H - a potion of resistance {unknown}
 I - a potion of magic {unknown}

Dungeon Overview and Level Annotations

Branches:
Dungeon (10/15)            Temple (0/1) D:6          Bailey (1/1)
   Lair: D:8-11         Orc: D:9-12

Altars:
Elyvilon
Gozag
Hepliaklqana
Makhleb
Okawaru
Ru
Sif Muna
Trog

Shops:
D:4 (   D:8 : D:9

[ ..8▒og....
▒...))......'.....
..og.g....
▒...))⌠.....'..∩.∩
..8▒......
▒...........'..... ..8▒
.g..o ▒...........▒.....
#.▒▒▒ ....
▒▒▒.........▒▒.....
▒▒▒.▒▒▒...
▒▒▒.▒▒▒.)...▒▒▒♣♣♣...
▒.....▒▒▒.▒▒▒....)▒)▒.▒▒▒
♣♣♣.
........▒▒▒......)))▒▒▒
♣♣ .........▒....oET)...▒
.........▒....☼EE....▒
...⌠....)▒...☼☼°.....▒
.........'....☼......▒
.........▒...........▒
........▒▒▒.........▒▒
▒.....▒▒▒ ▒▒▒.....▒▒▒
▒▒▒.▒▒▒ ▒▒▒.▒▒▒ ▒▒▒ ▒▒▒


You could see an orc warlord and 3 fire elementals.


Message History

The orc warlord hits you with a +3 broad axe!!
* * * LOW HITPOINT WARNING * * *
You scratch the orc warlord but do no damage.
Your claw misses the orc warlord.
The orc warlord is lightly wounded.
The orc warlord hits you with a +3 broad axe!!
* * * LOW HITPOINT WARNING * * *
There is an open door here. "My hands, my teeth, my burning tears: these will never betray me!"
The divine experience drains your vigour!
You feel yourself slow down. 3 fire elementals come into view.
You claw the fire elemental!
The fire elemental is heavily damaged.
The fire elemental hits you. The fire elemental burns you!
* * * LOW HITPOINT WARNING * * *
The fire elemental hits you. The fire elemental burns you!
* * * LOW HITPOINT WARNING * * *
As you read the scroll of teleportation {@r4}, it crumbles to dust.
You feel strangely unstable.
You feel yourself speed up. The fire elemental barely misses you.
The fire elemental hits you. The fire elemental burns you!
* * * LOW HITPOINT WARNING * * *
The fire elemental hits you. The fire elemental burns you!
You die...

Action                   |  1- 3 |  4- 6 |  7- 9 | 10-12 || total
-------------------------+-------+-------+-------+-------++-------
Melee: Unarmed           |    85 |   171 |   177 |   246 ||   679
       Punch             |       |     2 |     7 |    16 ||    25
Invok: Fiery Armour      |       |       |     3 |       ||     3
       Foxfire Swarm     |       |       |     1 |       ||     1
Evoke: Wand              |       |       |       |     4 ||     4
  Use: Scroll            |       |       |       |     9 ||     9
       Potion            |       |       |       |     2 ||     2
 Stab: Sleeping          |       |     1 |       |       ||     1
       Paralysed         |       |       |       |     3 ||     3
Armor: Robe              |    26 |    73 |    84 |     5 ||   188
       Steam dragon scal |       |       |       |    94 ||    94
Dodge: Dodged            |    34 |    63 |    74 |   104 ||   275

Levels and vault maps discovered:
D:1:      evilmike_arrival_crescent, layout_loops_ring,
          chequers_ecumenical_altar_simple_redux
D:2:      layout_basic
D:3:      layout_basic, worldfamousw_hep_ancestral_shrine, uniq_robin
D:4:      layout_rooms, kennysheep_little_box, serial_shops, shop_fountains
D:5:      layout_layer_cave, okawaru_ov_weapons_minmay,
          mainiacjoe_overflow_small_starburst
D:6:      layout_basic, lemuel_blue_sif_altar, minmay_temple_entry_hall,
          chequers_serial_rivers_micro_a, uniq_grinder, uniq_duvessa
D:7:      kennysheep_big_flooded_room, layout_loops_corners, uniq_pikel
D:8:      layout_rooms, mainiacjoe_overflow_alcove_1, kennysheep_mini,
          serial_shops, shop, minmay_microvault
D:9:      layout_gridville, lemuel_crystal_altar, serial_shops, shop
D:10:     minmay_the_grid_octo_triangle [minmay_the_grid_octo_horde,
          minmay_the_grid_octo_prize_star, minmay_the_grid_octo_clover],
          layout_basic, marbit_many_paths, old_standard_altar,
          due_lair_maze_entry_diamond, serial_shops, shop, enter_bailey_6
Bailey:   bailey_axe_minmay_hex_keep, bailey

Notes
Turn   | Place    | Note
-------+----------+-------------------------------------------
     0 | D:1      | sanka the Troll Cinder Acolyte began the quest for the Orb.
     0 | D:1      | Reached XP level 1. HP: 22/22 MP: 1/1
   169 | D:1      | Reached XP level 2. HP: 29/29 MP: 2/2
   214 | D:1      | Found a faded altar of an unknown god.
   300 | D:1      | Reached skill level 4 in Unarmed Combat
   721 | D:2      | Reached XP level 3. HP: 36/36 MP: 3/3
  1379 | D:3      | Reached XP level 4. HP: 44/44 MP: 4/4
  1414 | D:3      | Reached skill level 5 in Unarmed Combat
  1481 | D:3      | Identified the +5 ring mail of the Arcane {rF++ Int-4
                  | Slay+2}
  1506 | D:3      | Noticed Robin
  1538 | D:3      | Killed Robin
  2190 | D:3      | Found a hazy altar of Hepliaklqana.
  2253 | D:3      | Reached XP level 5. HP: 50/50 MP: 5/5
  2283 | D:4      | Found Onothiv's Antique Weapon Shop.
  2283 | D:4      | Noticed a sky beast
  2293 | D:4      | Killed a sky beast
  2294 | D:4      | Reached skill level 6 in Unarmed Combat
  2365 | D:4      | Reached XP level 6. HP: 57/59 MP: 6/6
  2496 | D:4      | Found a bloodstained altar of Trog.
  2761 | D:5      | Entered Level 5 of the Dungeon
  2772 | D:5      | Reached skill level 7 in Unarmed Combat
  2954 | D:5      | Reached skill level 8 in Unarmed Combat
  2954 | D:5      | Reached XP level 7. HP: 28/66 MP: 7/7
  3031 | D:5      | Found an iron altar of Okawaru.
  3208 | D:5      | Found a burning altar of Makhleb.
  3231 | D:5      | Identified the +1 scale mail "Goubot" {Dex+2}
  3377 | D:5      | Reached skill level 9 in Unarmed Combat
  3957 | D:6      | Noticed Duvessa
  3958 | D:6      | Noticed Dowan
  3997 | D:5      | Reached XP level 8. HP: 24/74 MP: 8/8
  4060 | D:5      | Reached skill level 10 in Unarmed Combat
  4089 | D:6      | Killed Duvessa
  4090 | D:6      | Reached skill level 3 in Fighting
  4094 | D:6      | Killed Dowan
  4185 | D:6      | Found a staircase to the Ecumenical Temple.
  4200 | D:6      | Reached skill level 4 in Fighting
  4227 | D:6      | Identified the +12 mace "Peuty" {elec, rC+ Dex+4}
  4250 | D:6      | Noticed Grinder
  4260 | D:6      | Paralysed by Grinder for 5 turns
  4282 | D:6      | Killed Grinder
  4283 | D:6      | Reached skill level 11 in Unarmed Combat
  4321 | D:6      | Reached XP level 9. HP: 87/87 MP: 9/9
  4457 | D:6      | Reached skill level 5 in Fighting
  4668 | D:6      | Found a shimmering blue altar of Sif Muna.
  4989 | D:7      | Identified the +8 hand axe "Rouvyone" {venom, rElec rN+
                  | Will+}
  5222 | D:7      | Noticed Pikel
  5236 | D:7      | Killed Pikel
  5237 | D:7      | Reached skill level 6 in Fighting
  5237 | D:7      | Reached skill level 12 in Unarmed Combat
  5586 | D:7      | Noticed a five-headed hydra
  5586 | D:7      | Noticed a komodo dragon
  5617 | D:7      | Killed a five-headed hydra
  5618 | D:7      | Reached skill level 7 in Fighting
  5618 | D:7      | Reached XP level 10. HP: 29/102 MP: 10/10
  6056 | D:8      | Found Mexzo's Book Shop.
  6065 | D:8      | Identified +0 steam dragon scales
  6324 | D:8      | Reached skill level 13 in Unarmed Combat
  6357 | D:8      | Identified the +4 chain mail of Ukisodi {+Inv Will++ Regen+
                  | Str-5}
  6429 | D:8      | Found a sacrificial altar of Ru.
  6456 | D:8      | Found a white marble altar of Elyvilon.
  6532 | D:9      | Noticed a two-headed ogre
  6535 | D:9      | Reached skill level 8 in Fighting
  6541 | D:9      | Killed a two-headed ogre
  6747 | D:9      | Found an opulent altar of Gozag.
  7259 | D:9      | Found Orurhij's Antique Armour Shoppe.
  7267 | D:9      | Bought a runed hat for 147 gold pieces
  7706 | D:5      | Fell from the grace of Ignis
  7706 | D:5      | Became a worshipper of Warmaster Okawaru
  7834 | D:10     | Entered Level 10 of the Dungeon
  7853 | D:10     | Found a flagged portal.
  7877 | Bailey   | Entered a bailey
  7953 | Bailey   | Noticed an orc knight
  7984 | Bailey   | Killed an orc knight
  7985 | Bailey   | Reached skill level 1 in Invocations
  7985 | Bailey   | Reached XP level 11. HP: 59/113 MP: 11/11
  8273 | Bailey   | Reached skill level 14 in Unarmed Combat
  8323 | Bailey   | Noticed an orc warlord
  8355 | Bailey   | Reached skill level 9 in Fighting
  8355 | Bailey   | Reached skill level 2 in Invocations
  8400 | Bailey   | HP: 11/115 [fire elemental[the fiery vengeance of Ignis]
                  | (6)]
  8402 | Bailey   | Slain by a fire elemental

Vanquished Creatures
  A hydra (D:7)
  A two-headed ogre (D:9)
  An orc knight (Bailey)
  Pikel (D:7)
  2 komodo dragons
  Grinder (D:6)
  A queen bee (shapeshifter) (D:8)
  2 wyverns (D:9)
  3 fire elementals (Bailey)
  A steam dragon (D:8)
  Duvessa (D:6)
  A water moccasin (D:6)
  12 orc warriors
  3 sky beasts
  2 black bears
  2 ice beasts (D:7)
  An ogre (D:5)
  3 centaurs (D:9)
  A lemure (D:7)
  3 phantoms
  A kobold brigand (D:5)
  4 bullfrogs
  2 necrophages
  A scorpion (D:5)
  8 wights
  Dowan (D:6)
  11 killer bees
  3 howler monkeys
  3 orc priests
  4 hounds
  3 jellies
  2 iguanas (D:5)
  8 orc wizards
  Robin (D:3)
  9 gnolls
  6 adders
  A shadow imp (D:5)
  A white imp (D:5)
  2 ufetubi (D:4)
  A worm (D:5)
  5 dart slugs
  42 orcs
  2 bats
  9 endoplasms
  5 giant cockroaches
  30 goblins
  18 hobgoblins
  4 kobolds
  3 quokkas
  6 ball pythons
  4 frilled lizards
  5 rats
248 creatures vanquished.

Vanquished Creatures (others)
  An orc priest (D:6)
  15 foxfires (D:7)
  2 fungi (D:10)
  3 plants (D:10)
21 creatures vanquished.

Grand Total: 269 creatures vanquished
